[Event "Philip Hogarty Memorial IM 2019"]
[Site "Stillorgan"]
[Date "2019.01.06"]
[Round "9"]
[White "Wall, Gavin"]
[Black "De Verdier, Michael"]
[Result "1/2-1/2"]
[ECO "B40"]
[WhiteElo "2330"]
[BlackElo "2277"]
[Annotator "NA"]
[PlyCount "121"]
[EventDate "2019.01.02"]
[EventType "tourn"]
[EventCountry "IRL"]
[SourceTitle "playchess.com"]
[Source "ChessBase"]
[SourceQuality "1"]
[TimeControl "5400+30"]

1. e4 c5 2. Nf3 e6 3. b3 a6 4. Bb2 Nc6 5. g3 {[%emt 0:03:43] LiveBook: 131 Games} d6 6. Bg2 Nf6 7. Qe2 Be7 {[%emt 0:01:07] B40: Sicilian: 2...e6, Unusual lines} 8. O-O O-O 9. c3 d5 10. e5 Nd7 11. d4 cxd4 12. cxd4 a5 $146 ({Predecessor:} 12... b5 13. Nc3 Nb6 14. Rac1 Bd7 15. Qd2 {1-0 (51) Balashov,Y (2555)-Tunik,G (2470) Maikop 1998}) 13. Nc3 b6 14. Rfc1 Ba6 15. Qe3 Rc8 16. Ne1 Ndxe5 17. dxe5 d4 18. Qe4 dxc3 19. Rxc3 Nb4 20. Rxc8 Qxc8 21. Rc1 Qd7 22. Qd4 $17 Nd5 23. Nd3 Rd8 24. Bf1 Qb7 25. Qe4 g6 26. h4 Qb8 27. h5 Bb7 28. Qg4 Bf8 29. Rc4 Ba6 30. Rd4 Qc7 31. hxg6 hxg6 32. Nf4 Nxf4 33. Bxa6 Rxd4 34. Bxd4 Nd5 35. Bc4 Qc6 36. a4 Bc5 37. Bb2 Ne7 38. Qd1 Nf5 39. g4 Ne7 40. Qd3 g5 41. Bc1 Ng6 42. Bb5 Bxf2+ 43. Kxf2 Qxc1 44. Qd8+ Kh7 45. Qxb6 Qd2+ 46. Kf1 Nxe5 47. Qf2 Qd1+ 48. Qe1 Qd4 49. Qxa5 Nxg4 50. Ke2 Qe3+ 51. Kd1 Qxb3+ 52. Kc1 Ne3 53. Qd2 Qa3+ 54. Kb1 Qc5 55. Bd3+ f5 56. a5 Nd5 57. Qxg5 Nc3+ 58. Kb2 Qxa5 59. Qe7+ Kg6 60. Qxe6+ Kg5 61. Qxf5+ 1/2-1/2

[Event "Philip Hogarty Memorial IM 2019"]
[Site "Stillorgan"]
[Date "2019.01.06"]
[Round "9"]
[White "Li, Henry"]
[Black "Sodoma, Jan"]
[Result "1/2-1/2"]
[ECO "C92"]
[WhiteElo "2193"]
[BlackElo "2324"]
[Annotator "NA"]
[PlyCount "41"]
[EventDate "2019.01.02"]
[EventType "tourn"]
[EventCountry "IRL"]
[SourceTitle "playchess.com"]
[Source "ChessBase"]
[SourceQuality "1"]
[TimeControl "5400+30"]

1. e4 e5 2. Nf3 Nc6 3. Bb5 a6 4. Ba4 Nf6 5. O-O Be7 6. Re1 b5 7. Bb3 d6 8. c3 O-O 9. h3 Bb7 10. d4 Re8 {[%emt 0:00:06] LiveBook: 6410 Games} 11. Ng5 Rf8 12. Nf3 Re8 $14 13. Ng5 Rf8 14. Nf3 Re8 15. Nbd2 Bf8 16. a4 h6 17. Bc2 exd4 18. cxd4 Nb4 19. Bb1 c5 20. d5 Nd7 21. Ra3 1/2-1/2

[Event "Philip Hogarty Memorial IM 2019"]
[Site "Stillorgan"]
[Date "2019.01.06"]
[Round "9"]
[White "Melaugh, Shane"]
[Black "O`Gorman, Tom"]
[Result "0-1"]
[ECO "E73"]
[WhiteElo "2169"]
[BlackElo "2153"]
[Annotator "NA"]
[PlyCount "86"]
[EventDate "2019.01.02"]
[EventType "tourn"]
[EventCountry "IRL"]
[SourceTitle "playchess.com"]
[Source "ChessBase"]
[SourceQuality "1"]
[TimeControl "5400+30"]

1. c4 Nf6 2. Nc3 g6 3. e4 d6 4. d4 Bg7 5. Be2 O-O 6. Be3 c5 7. e5 {[%emt 0:00:36] E73: King's Indian: Averbakh Variation without 6...c5} (7. d5 e6 8. Nf3 exd5 9. cxd5 Re8 10. Nd2 c4 11. O-O Na6 12. Bf3 b6 13. Re1 Nc5 14. Bxc5 bxc5 15. e5 Rxe5 16. Rxe5 dxe5 17. Nxc4 {½-½ (23) Howell,D (2687)-Jones,G (2670) Hull 2018}) 7... Ne8 8. exd6 Nxd6 9. dxc5 Nf5 10. Qxd8 Rxd8 11. Bd2 $146 ({Predecessor:} 11. Nd5 Na6 12. O-O-O Be6 13. Bf3 Rac8 14. Bg5 Bxd5 15. Bxd5 {0-1 (47) Kalavannan,K (2365)-Quirhuayo Chumbe,G (2220) Porto Carras 2018}) 11... Na6 12. Nf3 Nxc5 13. O-O b6 14. Rad1 Bb7 15. Bf4 Nd4 16. Nxd4 Bxd4 17. Be3 Bxc3 18. bxc3 Na4 19. Bd4 Rac8 20. Rb1 Nc5 21. Bxc5 Rxc5 22. Rfd1 Rxd1+ 23. Rxd1 Rc7 24. f3 Ba6 25. Rd4 e5 $17 26. Re4 f6 27. Kf2 Rc5 28. f4 Kf7 29. fxe5 fxe5 30. Ke3 Kf6 31. g3 Bc8 32. Bd1 Bf5 33. Rh4 h5 34. a4 Be6 35. Be2 Bd7 36. Bd1 Bc6 37. Bc2 Ra5 38. Kd2 Bxa4 39. c5 Bxc2 40. cxb6 Ra2 41. bxa7 Bf5+ 42. Ke3 Bg4 43. h3 g5 0-1